Map: Whirlwind LE (Void)

Players

ZomBier - Winner!

  • Race: Zerg Zerg
  • League: Diamond
  • Spawn Location: 1:00

Musumeci

  • Race: Zerg Zerg
  • League: Diamond
  • Spawn Location: 5:00

VOD

Have the link to the VOD?

Description

Time

  • Played on: Jan. 8, 2017, 8:28 a.m.
  • Length: 9:07
Show
View Real Time Build Order
Export as new Build Order

ZomBier Zerg - Winner!

Build Orders: Hatch First 

Get SALT Encoding   

  12  0:01  Drone  
  13  0:13  Overlord  
  13  0:18  Drone  
  14  0:33  Drone x2  
  14  0:35  Drone  
  17  0:54  Hatchery  
  17  0:55  Drone  
  17  0:59  Drone  
  18  1:10  Extractor  
  17  1:17  Spawning Pool  
  17  1:18  Drone  
  17  1:20  Drone  
  18  1:29  Drone  
  19  1:45  Evolution Chamber  
  18  1:47  Overlord  
  18  1:53  Drone  
  19  2:04  Queen  
  19  2:05  Queen  
  23  2:11  Drone x2  
  23  2:12  Drone  
  26  2:28  Drone, Zerg Melee Weapons Level 1  
  26  2:29  Drone x2  
  29  2:34  Overlord  
  29  2:52  Metabolic Boost  
  29  2:55  Drone x4  
  33  3:09  Overlord  
  33  3:19  Zergling x6  
  36  3:24  Hatchery  
  36  3:25  Drone  
  36  3:27  Zergling x8  
  36  3:28  Zergling x2  
  41  3:41  Zergling x6  
  43  3:48  Zergling x2  
  45  3:51  Zergling x4  
  45  3:52  Zergling x6  
  45  3:53  Overlord  
  45  3:54  Overlord  
  50  4:09  Drone  
  52  4:10  Drone  
  52  4:15  Drone x2, Roach Warren  
  53  4:17  Lair  
  51  4:34  Zergling x2  
  51  4:35  Zergling x10  
  45  4:53  Queen  
  45  4:57  Drone x3, Extractor x2  
  45  4:58  Drone x3  
  45  4:59  Drone x4  
  56  5:00  Drone  
  56  5:04  Zerg Missile Weapons Level 1  
  56  5:21  Glial Reconstitution  
  56  5:22  Roach  
  56  5:23  Roach x4  
  56  5:28  Extractor  
  65  5:30  Drone x3, Evolution Chamber  
  65  5:31  Drone x2  
  65  5:34  Drone x2  
  71  5:47  Roach  
  73  5:53  Overlord x4  
  73  6:03  Zerg Ground Armor Level 1  
  73  6:12  Ravager x3  
  73  6:14  Roach x3  
  82  6:20  Zergling x18  
  91  6:26  Ravager  
  91  6:30  Drone x3  
  91  6:31  Drone x3  
  98  6:36  Roach  
  100  6:59  Roach x2  
  100  7:01  Overlord x3  
  104  7:08  Extractor  
  103  7:12  Drone x2  
  103  7:13  Overlord x2  
  105  7:25  Roach  
  105  7:26  Roach x7  
  121  7:41  Roach  
  121  7:42  Roach x2  
  121  7:43  Roach x7  
  127  7:56  Roach  
  127  7:57  Roach x5  
  137  8:07  Overlord x2  
  136  8:19  Overlord x3  
  136  8:32  Roach  
  138  8:34  Overlord  
  138  8:35  Overlord x2  
  138  8:40  Roach x10  
  158  8:45  Roach x2  
Show
View Real Time Build Order
Export as new Build Order

Musumeci Zerg 

Build Orders: Hatch First 

Get SALT Encoding   

  12  0:01  Drone  
  13  0:08  Drone  
  14  0:16  Drone, Extractor  
  15  0:40  Hatchery  
  14  0:45  Extractor  
  14  0:46  Drone  
  15  1:00  Spawning Pool  
  14  1:04  Extractor  
  14  1:07  Drone  
  14  1:14  Drone, Extractor  
  16  1:19  Overlord  
  16  1:38  Drone x2  
  18  1:42  Drone  
  19  1:49  Queen  
  19  1:52  Queen  
  23  1:56  Drone  
  23  1:58  Drone  
  25  2:05  Zergling x4  
  27  2:11  Overlord  
  27  2:29  Queen  
  29  2:31  Extractor  
  29  2:33  Queen  
  29  2:35  Overlord  
  30  2:37  Drone  
  31  2:57  Drone x6  
  37  3:03  Drone x2, Extractor  
  37  3:04  Drone  
  40  3:31  Drone x3  
  40  3:32  Extractor, Roach Warren  
  41  3:47  Evolution Chamber x2  
  39  3:49  Evolution Chamber  
  38  4:04  Overlord  
  38  4:14  Roach x3  
  44  4:22  Roach x4  
  51  4:45  Roach x2  
  50  4:48  Overlord  
  50  4:49  Overlord  
  48  4:55  Evolution Chamber  
  48  4:57  Evolution Chamber  
  46  5:03  Drone  
  46  5:04  Drone x3  
  46  5:05  Drone  
  51  5:07  Lair  
  51  5:10  Zerg Missile Weapons Level 1  
  52  5:27  Drone x3  
  52  5:28  Overlord x2  
  55  5:30  Zerg Ground Armor Level 1  
  55  5:32  Hatchery  
  54  5:49  Roach x2  
  64  5:50  Roach x3  
  64  5:57  Extractor  
  64  5:59  Queen  
  65  6:04  Glial Reconstitution  
  65  6:13  Roach  
  67  6:21  Drone x3  
  67  6:22  Extractor  
  67  6:24  Drone  
  70  6:26  Drone x3  
  70  6:27  Drone  
  75  6:32  Ravager  
  75  6:44  Queen  
  75  6:46  Ravager  
  78  6:47  Ravager  
  79  7:00  Drone x3  
  82  7:02  Overlord  
  82  7:03  Overlord x4  
  82  7:21  Ravager  
  83  7:30  Drone x11  
  83  7:34  Ravager x4  
  93  7:57  Hatchery  
  90  8:17  Roach x9  
  108  8:33  Overlord x5  
  108  8:41  Overseer  
  108  8:43  Extractor, Ravager  
  108  8:44  Extractor, Ravager  
  108  8:55  Ravager x3  
Tags
 
Add a new tag
Caveats
  • Supply blocks, unpowered buildings, or Contaminate may cause inaccurate times.
  • Supply counts are checked every 10 seconds.